 Dungeon Crawl Stone Soup version 0.29-a0-775-g4d7333d4e2 (webtiles) character file.

Game seed: 3346203502277478309

35447 Bnni the Marksdemonspawn (level 13, -17/109 HPs)
             Began as a Demonspawn Hunter on July 1, 2022.
             Was a High Priest of Okawaru.
             Demolished by an enormous slime creature (66 damage)
             ... on level 14 of the Dungeon on July 2, 2022.
             The game lasted 00:46:04 (15678 turns).

Bnni the Marksdemonspawn (Demonspawn Hunter)       Turns: 15678, Time: 00:46:04

Health: -17/109    AC: 17    Str: 13    XL:     13   Next: 47%
Magic:  22/22      EV: 14    Int: 10    God:    Okawaru [*****.]
Gold:   2024       SH:  0    Dex: 21    Spells: 7/12 levels left

rFire   . . .      SeeInvis .   n - +3 arbalest (vorpal)
rCold   . . .      Faith    .   (shield currently unavailable)
rNeg    . . .      Spirit   .   O - +0 chain mail of Ybirafer {rPois Regen+}
rPois   +          Reflect  .   K - +1 hat
rElec   .          Harm     .   (no cloak)
rCorr   .          Rampage  .   u - +2 pair of gloves of Classification {Will+}
Will    +....                   F - +0 pair of boots
Stlth   ..........              a - amulet of Vitality {RegenMP++ Regen++}
HPRegen 2.68/turn               t - +4 ring of protection
MPRegen 0.98/turn               L - +4 ring of evasion

@: studying Short Blades, repel missiles
A: repulsion field 3, powered by death 1, spiny 1, demonic touch 2
a: Renounce Religion, Heroism, Finesse, Duel


You were on level 14 of the Dungeon.
You worshipped Okawaru.
Okawaru was extremely pleased with you.
You visited 2 branches of the dungeon, and saw 15 of its levels.
You also visited: Sewer.

You collected 2834 gold pieces.
You spent 810 gold pieces at shops.

Inventory:

Hand Weapons
 k - a +2 dagger of venom
 n - a +3 vorpal arbalest (weapon)
 S - a +3 scimitar of flaming
Missiles
 v - 5 curare-tipped darts (quivered)
Armour
 s - a +0 troll leather armour
 u - the +2 pair of gloves of Classification (worn) {Will+}
   (You acquired it on level 8 of the Dungeon)

   Will:      It increases your willpower.
 F - a +0 pair of boots (worn)
 K - a +1 hat (worn)
 O - the +0 chain mail of Ybirafer (worn) {rPois Regen+}
   (Okawaru gifted it to you on level 11 of the Dungeon)

   rPois:     It protects you from poison.
   Regen:     It increases your rate of health regeneration.
Jewellery
 a - the amulet of Vitality (around neck) {RegenMP++ Regen++}
   (You found it on level 10 of the Dungeon)

   [amulet of magic regeneration]

   It increases your rate of magic regeneration.
   Regen:     It increases your rate of health regeneration.
 d - a ring of see invisible
 i - a ring of protection from cold
 p - a ring of poison resistance
 t - a +4 ring of protection (left hand)
 x - a ring of positive energy
 E - a ring of protection from cold
 L - a +4 ring of evasion (right hand)
 P - a ring of fire
 Q - a +6 ring of strength
Wands
 r - a wand of iceblast (14)
 G - a wand of digging (12)
 I - a wand of paralysis (1)
Scrolls
 b - 3 scrolls of immolation
 f - 4 scrolls of fog
 g - 4 scrolls of magic mapping
 j - 2 scrolls of amnesia
 m - 3 scrolls of enchant weapon
 q - 2 scrolls of poison
 z - a scroll of enchant armour
 B - 4 scrolls of vulnerability
 C - 7 scrolls of teleportation
 J - 2 scrolls of brand weapon {unknown}
Potions
 e - 4 potions of might
 h - 2 potions of brilliance
 l - a potion of magic
 o - 3 potions of haste
 w - 6 potions of curing
 A - 2 potions of flight
 H - a potion of lignification
 N - 2 potions of mutation
Miscellaneous
 D - a phantom mirror
 R - a condenser vane


   Skills:
 + Level 12.6 Fighting
 * Level 16.2 Ranged Weapons
 - Level 1.8 Dodging
 - Level 0.9 Stealth
 * Level 12.5 Invocations


You had 7 spell levels left.
You knew the following spells:

 Your Spells              Type           Power      Damage    Failure   Level
a - Blink                 Tloc           0%         N/A       100%        2
b - Portal Projectile     Hex/Tloc       0%         N/A       100%        3

Your spell library contained the following spells:

 Spells                   Type           Power      Damage    Failure   Level
 Necrotize                Necr           0%         1d4       100%        1
 Sandblast                Erth           0%         2d4       100%        1
 Sting                    Tmut/Pois      0%         1d3       100%        1
 Passwall                 Tmut/Erth      0%         N/A       100%        2
 Poisonous Vapours        Pois/Air       0%         N/A       100%        2
 Sublimation of Blood     Necr           0%         N/A       100%        2
 Ignite Poison            Fire/Tmut/Pois 0%         N/A       100%        3
 Mephitic Cloud           Conj/Pois/Air  0%         N/A       100%        3
 Ozocubu's Armour         Ice            0%         N/A       100%        3
 Stone Arrow              Conj/Erth      0%         3d7       100%        3
 Vampiric Draining        Necr           0%         2d6       100%        3
 Anguish                  Hex/Necr       0%         N/A       100%        4
 Fulminant Prism          Conj/Hex       0%         3d6       100%        4
 Iskenderun's Mystic Bla  Conj/Tloc      0%         2d3       100%        4
 Olgreb's Toxic Radiance  Pois           0%         N/A       100%        4
 Agony                    Necr           0%         N/A       100%        5
 Freezing Cloud           Conj/Ice/Air   0%         6-21      100%        5
 Lee's Rapid Deconstruct  Erth           0%         3d5*      100%        5
 Manifold Assault         Tloc           0%         N/A       100%        5
 Metabolic Englaciation   Hex/Ice        0%         N/A       100%        5
 Dispersal                Tloc           0%         N/A       100%        6
 Ozocubu's Refrigeration  Ice            0%         4d5       100%        7
 Storm Form               Tmut/Air       0%         N/A       100%        7
 Ignition                 Fire           0%         3d3       100%        8
 Maxwell's Capacitive Co  Air            0%         ∞         100%        8
 Call Canine Familiar     Summ           Unusable   N/A       N/A         3
 Summon Lightning Spire   Summ/Air       Unusable   N/A       N/A         4
 Simulacrum               Ice/Necr       Unusable   N/A       N/A         6
 Spellforged Servitor     Conj/Summ      Unusable   N/A       N/A         7

Dungeon Overview and Level Annotations

Branches:
Dungeon (14/15)            Temple (1/1) D:5            Lair (0/6) D:11
    Orc (0/2) D:9          Vaults (0/5) D:13          Sewer (visited)

Altars:
Ashenzari
Cheibriados
Fedhas
Nemelex Xobeh
Okawaru
Uskayaw
Vehumet
Zin
The Shining One
Beogh

Shops:
D:3 =   D:5 *   D:8 (   D:10 *:?:


Innate Abilities, Weirdness & Mutations

You are surrounded by a strong repulsion field. (EV +4, RMsl)
You regenerate a little health from kills.
You are partially covered in sharp spines.
Your touch may inflict irresistible damage on your foes.


Message History

You climb downwards.
An enormous slime creature splits.
The large slime creature hits you!
There is a stone staircase leading up, spattered with blood here.
Unknown command.
The large slime creature attacks as you move away!
The large slime creature misses you.
The large slime creature attacks as you move away!
The large slime creature is struck by your spines.
The large slime creature misses you.
Things that are here:
an ugly thing skeleton; an ugly thing skeleton The large slime creature attacks as you move away!
The large slime creature is struck by your spines.
The large slime creature hits you.
The large slime creature attacks as you move away!
The large slime creature is struck by your spines.
The large slime creature hits you but does no damage.
A large slime creature splits.
You shoot a bolt.
The bolt hits the large slime creature!!
The large slime creature is moderately wounded.
The large slime creature closely misses you.
Two slime creatures merge to form a very large slime creature.
You shoot a bolt.
The bolt hits the very large slime creature.
The very large slime creature is lightly wounded.
Two slime creatures merge to form an enormous slime creature.
You shoot a bolt.
The bolt hits the enormous slime creature!!
The enormous slime creature is moderately wounded.
You shoot a bolt.
The bolt hits the enormous slime creature!!
The enormous slime creature is moderately wounded.
The enormous slime creature is struck by your spines.
The enormous slime creature hits you!!!
Ouch! That really hurt!
The enormous slime creature attacks as you move away!
The enormous slime creature hits you!!!
Ouch! That really hurt!
You die...

..(.<...÷...>.#......(#
###.........#.#.#####.# #
#.........#.#.#.....# #
#.............#.##### #
#.....÷....####.....# #
#..........#...####.#########
#
#............#....#.##......#
#
#.........######....##.##..##
###............J@...####.#...#
.########...######.).....#.###
.###############.).#####...#
.#...............)J#...#.###
.#.##..............#.....#
.#.###............####.###
.#..##............#....#
.#....###.).......#[######
.#....######......#.#....#


You could see an enormous slime creature.

Vanquished Creatures
  Gastronok (D:8)
  Josephine (D:10)
  A boulder beetle (D:11)
  5 death knights (D:14)
  2 centaur warriors
  2 dancing weapons (D:13)
  A tengu warrior (D:14)
  5 two-headed ogres
  Lodul (D:13)
  Pikel (D:8)
  2 manticores
  5 cyclopes
  14 ugly things
  6 slime creatures
  2 gargoyles
  Joseph (D:8)
  An unseen horror (D:11)
  An efreet (D:13)
  2 tormentors (D:14)
  2 komodo dragons
  2 kobold demonologists
  Prince Ribbit (D:8)
  2 trolls (D:11)
  3 hornets
  A vampire (D:12)
  4 water elementals (D:12)
  A wyvern (D:9)
  7 wraiths
  6 yaks
  A basilisk (D:14)
  4 vampire mosquitoes (D:12)
  3 acid dragons
  A water moccasin (D:8)
  7 orc warriors
  2 ice beasts
  5 boggarts (D:12)
  7 centaurs
  12 ogres
  3 lemures (D:8)
  A phantom (D:5)
  8 kobold brigands
  6 bullfrogs
  2 necrophages
  2 scorpions
  3 wights (D:9)
  8 killer bees
  An electric eel (D:6)
  3 howler monkeys
  2 jellies
  4 hounds
  2 boudas
  11 orc priests
  5 iguanas
  11 orc wizards
  12 gnolls
  13 adders
  A river rat (D:5)
  A shadow imp (D:6)
  4 white imps
  A worm (D:2)
  A dart slug (D:5)
  44 orcs
  13 endoplasms
  6 giant cockroaches
  5 goblins
  3 hobgoblins
  11 jackals
  5 quokkas
  12 ball pythons
  2 bats (D:1)
  11 frilled lizards
  27 kobolds
  3 rats
372 creatures vanquished.

Vanquished Creatures (others)
  2 orcs (D:9)
  9 plants
11 creatures vanquished.

Grand Total: 383 creatures vanquished

Notes
Turn   | Place    | Note
-------+----------+-------------------------------------------
     0 | D:1      | Bnni the Demonspawn Hunter began the quest for the Orb.
     0 | D:1      | Reached XP level 1. HP: 16/16 MP: 1/1
   139 | D:1      | Found a faded altar of an unknown god.
   275 | D:1      | Gained mutation: You are surrounded by a mild repulsion
                  | field. (EV +2) [demonic ancestry]
   275 | D:1      | Reached XP level 2. HP: 22/22 MP: 2/2
   529 | D:1      | Reached skill level 4 in Ranged Weapons
  1082 | D:2      | Gained mutation: Your touch may inflict minor irresistible
                  | damage on your foes. [demonic ancestry]
  1082 | D:2      | Reached XP level 3. HP: 25/28 MP: 3/3
  1475 | D:2      | You fall into a shaft and drop 2 floors!
  1639 | D:4      | Gained mutation: You are surrounded by a moderate repulsion
                  | field. (EV +3) [demonic ancestry]
  1639 | D:4      | Reached XP level 4. HP: 34/34 MP: 4/4
  1642 | D:4      | Found a sparkling altar of Nemelex Xobeh.
  1929 | D:4      | Found a broken altar of Ashenzari.
  1949 | D:4      | Reached skill level 5 in Ranged Weapons
  2080 | D:4      | Gained mutation: Your touch may inflict irresistible damage
                  | on your foes. [demonic ancestry]
  2080 | D:4      | Reached XP level 5. HP: 32/41 MP: 5/5
  2647 | D:5      | Entered Level 5 of the Dungeon
  2760 | D:5      | Noticed an ice beast
  2816 | D:5      | Found a staircase to the Ecumenical Temple.
  2825 | Temple   | Entered the Ecumenical Temple
  2852 | Temple   | Became a worshipper of Warmaster Okawaru
  2971 | D:5      | Found a glowing drain.
  2975 | Sewer    | Entered a sewer
  3097 | Sewer    | Reached XP level 6. HP: 44/48 MP: 6/6
  3270 | Sewer    | Reached skill level 6 in Ranged Weapons
  3275 | Sewer    | HP: 2/48 [bullfrog (4)]
  4813 | D:3      | Found Ufetuz's Jewellery Shop.
  5101 | D:4      | Identified 3 scrolls of acquirement
  5102 | D:4      | Acquired 759 gold pieces
  5150 | D:5      | Killed an ice beast
  5151 | D:5      | Gained mutation: You are partially covered in sharp spines.
                  | [demonic ancestry]
  5151 | D:5      | Reached XP level 7. HP: 49/55 MP: 7/7
  5272 | D:5      | Reached * piety under Okawaru
  5273 | D:5      | Reached skill level 7 in Ranged Weapons
  5276 | D:5      | Reached skill level 5 in Fighting
  5603 | D:5      | Gained mutation: You are surrounded by a strong repulsion
                  | field. (EV +4, RMsl) [demonic ancestry]
  5603 | D:5      | Reached XP level 8. HP: 64/64 MP: 8/8
  5610 | D:5      | Reached skill level 8 in Ranged Weapons
  5780 | D:5      | Found Xoiliek's CLEARANCE SALE!.
  6037 | D:6      | Reached ** piety under Okawaru
  6249 | D:6      | Reached skill level 1 in Invocations
  6448 | D:6      | Reached skill level 9 in Ranged Weapons
  6951 | D:6      | Acquired a manual of Short Blades
  7028 | D:7      | Noticed a hornet
  7035 | D:7      | Killed a hornet
  7218 | D:7      | Found a hide-covered altar of Uskayaw.
  7245 | D:7      | Noticed a +0 dagger
  7246 | D:7      | Noticed a +0 hand axe
  7329 | D:7      | Noticed a hornet
  7336 | D:7      | Killed a hornet
  7337 | D:7      | Reached XP level 9. HP: 39/71 MP: 11/11
  7793 | D:7      | Reached *** piety under Okawaru
  8463 | D:8      | Reached skill level 10 in Ranged Weapons
  8485 | D:8      | Acquired the +2 pair of gloves of Classification {Will+}
  8644 | D:8      | Noticed Pikel
  8653 | D:8      | Killed Pikel
  8654 | D:8      | Reached skill level 5 in Invocations
  8700 | D:8      | Noticed Joseph
  8715 | D:8      | Killed Joseph
  8875 | D:7      | Reached **** piety under Okawaru
  8984 | D:8      | Gained mutation: You regenerate a little health from kills.
                  | [demonic ancestry]
  8984 | D:8      | Reached XP level 10. HP: 75/80 MP: 12/14
  8997 | D:8      | Reached skill level 11 in Ranged Weapons
  9016 | D:8      | Noticed Prince Ribbit
  9038 | D:8      | Killed Prince Ribbit
  9082 | D:8      | Found Yngeiguxt's Antique Weapon Shoppe.
  9086 | D:8      | Noticed Gastronok
  9130 | D:8      | Killed Gastronok
  9130 | D:8      | Reached ***** piety under Okawaru
  9645 | D:9      | Found a staircase to the Orcish Mines.
 10490 | D:9      | Reached skill level 12 in Ranged Weapons
 10491 | D:9      | Noticed a two-headed ogre
 10640 | D:9      | Killed a two-headed ogre
 10717 | D:9      | Reached XP level 11. HP: 28/89 MP: 11/17
 11314 | D:10     | Entered Level 10 of the Dungeon
 11533 | D:10     | Found Ubuen's General Store.
 11573 | D:10     | Found the amulet of Vitality {RegenMP++ Regen++}
 11596 | D:10     | Noticed a two-headed ogre
 11605 | D:10     | Killed a two-headed ogre
 11605 | D:10     | Received a gift from Okawaru
 11743 | D:10     | Found Teradyg's Book Shop.
 11743 | D:10     | Noticed a two-headed ogre
 11749 | D:10     | Killed a two-headed ogre
 11779 | D:10     | Found Xieng's Book Boutique.
 11784 | D:10     | Bought the Incunabulum of Warped Stolen Souls for 700 gold
                  | pieces
 11787 | D:10     | Learned a level 2 spell: Blink
 11791 | D:10     | Learned a level 3 spell: Portal Projectile
 11803 | D:10     | Found Wuohatt's Magic Scroll Boutique.
 11811 | D:10     | Bought a scroll of identify for 22 gold pieces
 11811 | D:10     | Bought a scroll of identify for 22 gold pieces
 11811 | D:10     | Bought a scroll of identify for 22 gold pieces
 11811 | D:10     | Bought a scroll of identify for 22 gold pieces
 11811 | D:10     | Bought a scroll of identify for 22 gold pieces
 11906 | D:10     | Found a blossoming altar of Fedhas.
 12104 | D:10     | Noticed Josephine
 12108 | D:10     | Killed Josephine
 12286 | D:11     | Noticed a two-headed ogre
 12294 | D:11     | Killed a two-headed ogre
 12295 | D:11     | Reached skill level 10 in Fighting
 12295 | D:11     | Reached skill level 13 in Ranged Weapons
 12374 | D:11     | Reached skill level 10 in Invocations
 12460 | D:11     | Noticed a boulder beetle
 12469 | D:11     | Killed a boulder beetle
 12469 | D:11     | Identified the +0 chain mail of Ybirafer {rPois Regen+}
                  | (Okawaru gifted it to you on level 11 of the Dungeon)
 12469 | D:11     | Received a gift from Okawaru
 12760 | D:11     | Got the Tome of Supportive Necromancy
 12913 | D:11     | Found a staircase to the Lair.
 13193 | D:12     | Noticed a two-headed ogre
 13198 | D:12     | Killed a two-headed ogre
 13209 | D:12     | Noticed a green ugly thing
 13209 | D:12     | Noticed a seven-headed hydra
 13216 | D:12     | Noticed a boulder beetle
 13221 | D:12     | Reached XP level 12. HP: 24/98 MP: 20/20
 13425 | D:12     | Reached skill level 14 in Ranged Weapons
 13571 | D:12     | Identified the +6 spear of the Five Tales {flame, rF- Int+4
                  | Dex+4}
 13974 | D:13     | Noticed a centaur warrior
 13978 | D:13     | Killed a centaur warrior
 14134 | D:13     | Noticed Lodul
 14155 | D:13     | Killed Lodul
 14155 | D:13     | Identified the +1 scale mail "Opneott" {Harm Str+4 Stlth+}
                  | (Okawaru gifted it to you on level 13 of the Dungeon)
 14155 | D:13     | Received a gift from Okawaru
 14247 | D:13     | Reached skill level 15 in Ranged Weapons
 14276 | D:13     | Found a gate to the Vaults.
 14659 | D:14     | Noticed a death knight
 14659 | D:14     | Noticed a death knight
 14688 | D:14     | Killed a death knight
 14704 | D:14     | Killed a death knight
 14726 | D:14     | Noticed a death knight
 14728 | D:14     | Noticed a death knight
 14756 | D:14     | Killed a death knight
 14781 | D:14     | Killed a death knight
 14782 | D:14     | Reached XP level 13. HP: 108/108 MP: 22/22
 14972 | D:14     | Acquired 759 gold pieces
 15067 | D:14     | HP: 5/108 [cyan ugly thing (13)]
 15150 | D:14     | Reached skill level 16 in Ranged Weapons
 15363 | D:14     | Received a gift from Okawaru
 15678 | D:14     | Demolished by an enormous slime creature

Illustrated notes

Levels and vault maps discovered:
D:1:      dpeg_arrival_round_c, layout_loops_ring,
          dreamdust_ecumenical_altar_grove, chequers_serial_rivers_micro_b,
          nrook_uturn
D:2:      layout_loops_ring, minmay_fountain_box
D:3:      layout_loops_cross, serial_shops, nicolae_square_shop
D:4:      layout_loops_corners, evilmike_ruin_ashenzari, lemuel_crystal_altar
D:5:      nicolae_cairo_tiling, layout_basic, lemuel_temple_firewalk_b,
          gup_sewer_entry_bowl, grunt_decor_resistance, nicolae_shop_clearance
D:6:      layout_basic, nicolae_zen_rock_garden, chequers_big_river
D:7:      nicolae_cairo_tiling_large, layout_basic, dancing_weapons_uskayaw
D:8:      layout_gridville, nicolae_take_the_stairs, uniq_prince_ribbit1,
          uniq_pikel, uniq_joseph, uniq_gastronok
D:9:      layout_roguey, david_orc_5
D:10:     layout_gridville, gammafunk_temple_overflow_statue, serial_shops,
          kennysheep_mini_moat, nicolae_shop_advertising_works
          [nicolae_subvault_shop_adworks], kennysheep_little_box,
          nicolae_shop_hallway_plus, uniq_josephine
D:11:     layout_loops_cross, david_lair_shrubbed, minivault_10,
          nzn_sisyphean_effort
D:12:     layout_loops_ring, nicolae_underground_beach
D:13:     layout_roguey, erik_vaults_1, uniq_lodul
D:14:     cheibrodos_tormentor_scu, layout_basic
Temple:   bh_familiar_temple

Skill      XL: |  1  2  3  4  5  6  7  8  9 10 11 12 13 |
---------------+----------------------------------------+-----
Ranged Weapons | 4 5 6 7 9 10 12 13 15 16 | 16.2
Fighting       | 3 4 5 6 8 9 10 12 | 12.6
Invocations    | 3 6 8 10 12 | 12.5
Dodging        | |  1.8
Stealth        | |  0.9

Action                   |  1- 3 |  4- 6 |  7- 9 | 10-12 | 13-15 || total
-------------------------+-------+-------+-------+-------+-------++-------
Melee: Dagger            |    31 |    55 |    37 |    10 |       ||   133
       Punch             |     1 |       |       |       |       ||     1
       Touch             |     2 |     9 |    10 |     3 |       ||    24
 Fire: Shortbow          |    57 |   167 |   278 |       |       ||   502
       Sling             |       |       |       |   271 |       ||   271
       Arbalest          |       |       |       |   319 |   124 ||   443
Throw: Dart              |       |     3 |     3 |    22 |    10 ||    38
Invok: Heroism           |       |       |     2 |     7 |     2 ||    11
       Finesse           |       |       |       |     4 |       ||     4
Evoke: Wand              |       |       |       |       |     1 ||     1
  Use: Scroll            |       |     6 |     4 |    12 |     7 ||    29
       Potion            |       |     4 |       |     5 |     4 ||    13
Armor: Chain mail        |    65 |     4 |       |    74 |    52 ||   195
       Ring mail         |       |    41 |    54 |    18 |       ||   113
       Acid dragon scale |       |       |       |    11 |       ||    11
Dodge: Dodged            |    32 |   121 |   124 |   271 |    66 ||   614
       Repelled          |       |       |     1 |     9 |       ||    10
Block: Other             |       |       |    50 |    22 |       ||    72
       Reflection        |       |       |     6 |       |       ||     6

Table legend: (Time is in decaauts)
 A = Elapsed time spent in this place.
 B = Non-inter-level travel time spent in this place.
 C = Inter-level travel time spent in this place.
 D = Time resting spent in this place.
 E = Time spent auto-exploring this place.
 F = Levels seen in this place.
 G = Mean time per level.
                   A        B        C        D        E       F      G
               +--------+--------+--------+--------+--------+-----+--------+
         Total |  16183 |  15639 |    544 |   1907 |  10193 |  16 | 1011.4 |
       Dungeon |  14953 |  14409 |    544 |   1590 |   9678 |  14 | 1068.1 |
        Temple |     40 |     40 |      0 |      0 |      0 |   1 |   40.0 |
         Sewer |   1188 |   1188 |      0 |    317 |    514 |   1 | 1188.0 |
               +--------+--------+--------+--------+--------+-----+--------+

Top non-repeatable levels by time:
     D:8: 1751 daAuts
     D:7: 1454 daAuts
     D:4: 1292 daAuts
     D:5: 1195 daAuts
   Sewer: 1188 daAuts
     D:9: 1140 daAuts
     D:6: 1064 daAuts
     D:1: 1044 daAuts
    D:14: 1032 daAuts
    D:10: 970 daAuts
    D:11: 924 daAuts
     D:2: 867 daAuts
    D:12: 857 daAuts
    D:13: 799 daAuts
     D:3: 558 daAuts
